 Dungeon Crawl Stone Soup version 0.23.1-38-g628c18f423 (webtiles) character file.

Game seed: 9780234434219225497

97643 Gargoyl the Envoy of Void (level 15, -17/126 HPs)
             Began as a Centaur Abyssal Knight on Mar 29, 2019.
             Was a High Priest of Lugonu.
             Killed from afar by a fire dragon (43 damage)
             ... with a blast of flame
             ... on level 15 of the Dungeon.
             The game lasted 01:02:36 (41078 turns).

Gargoyl the Envoy of Void (Centaur Abyssal Knight) Turns: 41078, Time: 01:02:36

Health: -17/126    AC: 30    Str: 28    XL:     15   Next: 72%
Magic:  24/24      EV:  7    Int: 17    God:    Lugonu [*****.]
Gold:   774        SH: 10    Dex: 11    Spells: 14/14 levels left

rFire    . . .     SeeInvis .   a - +7 hand axe
rCold    . . .     Gourm    .   s - +0 shield
rNeg     + + .     Faith    .   y - +3 chain mail of the Failed Coup {rElec Str+4}
rPois    +         Spirit   .   b - +1 hat {MR+}
rElec    +         Reflect  .   P - +2 cloak
rCorr    .         Harm     .   H - +1 pair of gloves {Str+3}
MR       ++...                  d - +0 centaur barding "Ozxing" {rN+ Int+6}
Stlth    ..........             I - amulet of rage
HPRegen  0.31/turn              j - ring of poison resistance
MPRegen  0.19/turn              v - ring of positive energy

@: very slightly contaminated, slowed
A: large, hooves 3, horns 2, icy blue scales 1, deformed body, speed 2, strong
1, tough skin 3
a: Depart the Abyss, Bend Space, Banish, Corrupt, Enter the Abyss, Renounce
Religion, Evoke Berserk Rage


You were on level 15 of the Dungeon.
You worshipped Lugonu.
Lugonu was extremely pleased with you.
You were very hungry.

You visited 2 branches of the dungeon, and saw 21 of its levels.
You visited the Abyss 1 time.
You also visited: Sewer, Bailey and Gauntlet.

You collected 1786 gold pieces.
You spent 1012 gold pieces at shops.

Inventory:

Hand Weapons
 a - a +7 hand axe (weapon)
 M - a +1 broad axe
Missiles
 r - 17 tomahawks (quivered)
Armour
 b - a +1 hat of magic resistance (worn)
 d - the +0 centaur barding "Ozxing" (worn) {rN+ Int+6}
   (You acquired it on level 3 of the Abyss)

   It affects your intelligence (+6).
   It protects you from negative energy.
 s - a +0 shield (worn)
 y - the +3 chain mail of the Failed Coup (worn) {rElec Str+4}
   (You bought it in a shop on level 8 of the Dungeon)

   It affects your strength (+4).
   It insulates you from electricity.
 H - a +1 pair of gloves of strength (worn)
 P - a +2 cloak (worn)
Jewellery
 j - a ring of poison resistance (left hand)
 v - a ring of positive energy (right hand)
 F - an uncursed ring of protection from cold
 I - an amulet of rage (around neck)
 J - a +3 ring of strength {unknown}
 T - an uncursed ring of protection from magic
Wands
 e - a wand of polymorph (26)
 g - a wand of digging (3)
 l - a wand of iceblast (7)
 u - a wand of random effects (46)
 w - a wand of scattershot (2)
 B - a wand of acid (13)
 C - a wand of enslavement (15)
 D - a wand of paralysis (18)
 K - a wand of disintegration (20)
 Q - a wand of flame (22)
Scrolls
 h - 2 scrolls of blinking
 i - 2 scrolls of magic mapping
 o - 6 scrolls of identify
 q - 11 scrolls of remove curse
 t - 6 scrolls of teleportation
 x - a scroll of amnesia
 N - 4 scrolls of silence
 O - a scroll of fear
Potions
 f - 3 potions of heal wounds
 k - 4 potions of haste
 m - 8 potions of agility
 n - a potion of lignification
 p - 5 potions of curing
 z - 5 potions of mutation
 A - 2 potions of brilliance
 E - 2 potions of cancellation
 G - 2 potions of flight
 R - a potion of invisibility
 S - a potion of might
Comestibles
 c - 28 rations


   Skills:
 + Level 10.2 Fighting
 + Level 12.5 Axes
 + Level 1.0 Throwing
 * Level 12.7 Armour
 * Level 8.7 Dodging
 + Level 3.5 Shields
 * Level 12.7 Invocations
 + Level 0.2 Evocations


You had 14 spell levels left.
You didn't know any spells.
Your spell library contained the following spells:

 Spells                   Type           Power        Failure   Level  Hunger
 Apportation              Tloc           #.....       96%         1    ##.....
 Sting                    Conj/Pois      #...         96%         1    ##.....
 Summon Small Mammal      Summ           #...         96%         1    ##.....
 Call Imp                 Summ           #.......     99%         2    ###....
 Poisonous Vapours        Pois/Air       #.....       99%         2    ###....
 Searing Ray              Conj           #.....       99%         2    ###....
 Shroud of Golubria       Chrm/Tloc      #.........   99%         2    ###....
 Call Canine Familiar     Summ           #.......     100%        3    ####...
 Mephitic Cloud           Conj/Pois/Air  #.......     100%        3    ####...
 Recall                   Summ/Tloc      N/A          100%        3    ####...
 Regeneration             Chrm/Necr      #.........   100%        3    ####...
 Static Discharge         Conj/Air       #.......     100%        3    ####...
 Summon Guardian Golem    Hex/Summ       #.......     100%        3    ####...
 Olgreb's Toxic Radiance  Pois           #.......     100%        4    #####..
 Summon Ice Beast         Ice/Summ       #.......     100%        4    #####..
 Summon Lightning Spire   Summ/Air       #.......     100%        4    #####..
 Aura of Abjuration       Summ           #.........   100%        5    ######.
 Bolt of Magma            Conj/Fire/Erth #.........   100%        5    ######.
 Excruciating Wounds      Chrm/Necr      #.........   100%        5    ######.
 Iskenderun's Battlesphe  Conj/Chrm      #.......     100%        5    ######.
 Venom Bolt               Conj/Pois      #.........   100%        5    ######.
 Bolt of Cold             Conj/Ice       #.........   100%        6    #######
 Iron Shot                Conj/Erth      #.........   100%        6    #######
 Orb of Destruction       Conj           #.........   100%        7    #######
 Ring of Flames           Chrm/Fire      #.........   100%        7    #######
 Spellforged Servitor     Conj/Summ      #.........   100%        7    #######
 Disjunction              Tloc           #.........   100%        8    #######


Dungeon Overview and Level Annotations

Branches:
Dungeon (15/15)            Temple (0/1) D:4            Lair (6/6) D:10
  Swamp (0/4) Lair:4       Spider (0/4) Lair:4        Slime (0/5) Lair:5
    Orc (0/2) D:12         Vaults (0/5) D:14
 Depths: D:15

Altars:
Cheibriados
Okawaru
Trog
Vehumet
Xom
Zin
Jiyva

Shops:
D:6 :   D:8 [

Annotations:
D:15 Azrael
Lair:1 3 runed translucent doors, Acheron's ghost, novice HaHu


Innate Abilities, Weirdness & Mutations

You have hooves in place of feet.
Armour fits poorly on your strangely shaped body.
You cover ground very quickly.
You have extremely tough skin. (AC +3)
You have a pair of horns on your head.
You are partially covered in icy blue scales. (AC +2)
Your muscles are strong. (Str +2)


Message History

The ice dragon tramples you but does no damage.
Azrael the Boundless Flame comes into view.
He is wielding a +3 scimitar of flaming.
The wolf spider zombie hits you but does no damage.
You block the wolf spider zombie's attack.
The fire dragon breathes flames at you. The blast of flame hits you!!
Blink to where?
Press: ? - help, Dir - move target cursor You are very lightly contaminated with residual magic.
As you read the scroll of blinking, it crumbles to dust.
A fire elemental comes into view. x2
The ice dragon breathes frost at you. The blast of cold hits you!
* * * LOW HITPOINT WARNING * * *
Unknown command.
The orc warrior hits you but does no damage.
The fire dragon breathes flames at you.
The blast of flame hits the hell hound.
The hell hound completely resists.
The blast of flame hits you!!!
You die...

.. #.# ###
####.####### ...
..........# #..
#........# # #..##
#.....[..# u.. ...
#........#
###..#.##..§.....##.##
#.....((@Z..).........
...<...oh..D......###.
#........o........#
.......oD.........#
.......#R.#..(..#...
##....E#°.##...######
...#.E°#○.###....
....°☼##..# #.###


You could see a fire dragon, an ice dragon, Azrael, 2 fire elementals, an orc
warrior, a hell hound, an orc wizard, an orc and a wolf spider zombie.

Vanquished Creatures
  Jorgrun (D:13)
  Gastronok (D:8)
  A sphinx (D:12)
  Frances (D:13)
  A very ugly thing (D:13)
  Nessos (Lair:3)
  A vampire knight (D:12)
  A minotaur (Gauntlet)
  Snorg (D:10)
  Harold (D:11)
  2 vault guards (D:14)
  The ghost of Forgol the Grappler, a novice TrBe of Trog (D:10)
  2 centaur warriors
  The ghost of Acheron the Carver, a novice MiCK of Xom (D:13)
  17 death yaks
  Erica (D:11)
  A dancing weapon (D:10)
  2 catoblepae
  A death knight (D:10)
  5 two-headed ogres
  A thrashing horror (Gauntlet)
  Nergalle (D:10)
  Urug (D:13)
  A phantasmal warrior (D:12)
  Pikel (D:8)
  2 wizards (D:14)
  2 deep elf magi (Bailey)
  A necromancer (D:14)
  2 ugly things
  A wolf spider (Lair:4)
  A cyclops (D:13)
  2 centaur zombies
  10 elephants
  6 black mambas
  Maurice (D:11)
  Psyche (D:8)
  13 spiny frogs
  A minotaur zombie (Gauntlet)
  3 rime drakes
  A yaktaur (D:14)
  11 komodo dragons
  A tengu conjurer (D:13)
  4 trolls
  A tyrant leech (Lair:4)
  11 polar bears
  7 slime creatures (D:12)
  2 jumping spiders (Lair:4)
  3 hornets (Lair:6)
  13 hippogriffs
  8 blink frogs
  A centaur simulacrum (D:14)
  3 small abominations (Gauntlet)
  2 wraiths (D:15)
  47 yaks
  10 spriggans (Lair:6)
  A redback (Lair:4)
  A wyvern (D:12)
  19 humans (D:14)
  3 vampire mosquitoes
  A basilisk (Lair:6)
  Grum (D:9)
  Menkaure (D:5)
  A hungry ghost (D:7)
  10 swamp worms
  4 insubstantial wisps (Lair:4)
  5 wargs
  A soldier ant (D:12)
  4 porcupines
  12 water moccasins
  5 black bears
  9 orc warriors
  A slave (D:8)
  5 sky beasts
  A hornet zombie (D:9)
  3 ice beasts
  2 phantoms
  12 ogres
  Purgy (Sewer)
  4 boggarts (Lair:6)
  27 wolves
  11 crocodiles
  20 centaurs
  A big kobold (D:13)
  16 bullfrogs
  A wyvern zombie (D:12)
  A scorpion (D:12)
  6 killer bees (D:8)
  9 wights
  7 howler monkeys
  An electric eel (Lair:5)
  A crimson imp (D:8)
  6 hounds
  7 orc priests
  3 bullfrog skeletons
  A gnoll shaman (D:7)
  A jelly (D:12)
  14 orc wizards
  4 iguanas
  13 worker ants
  Natasha (D:3)
  7 hell rats
  2 worker ant zombies
  A howler monkey zombie (D:5)
  14 gnolls
  A howler monkey skeleton (D:11)
  17 adders
  6 shadow imps
  An ooze (D:4)
  4 adder skeletons
  3 worms
  3 dart slugs
  9 leopard geckos
  44 orcs
  5 ball pythons
  11 giant cockroaches
  7 goblins
  7 hobgoblins
  10 jackals
  6 quokkas
  A ball python skeleton (D:4)
  8 bats
  5 frilled lizards
  A giant cockroach zombie (D:6)
  14 kobolds
  3 leopard gecko skeletons
  2 quokka zombies
  8 rats
  2 fungi (Lair:2)
679 creatures vanquished.

Vanquished Creatures (collateral kills)
  A centaur (D:7)
1 creature vanquished.

Vanquished Creatures (others)
  7 hydras
  A death yak (Lair:5)
  A spriggan rider (Lair:6)
  2 hornets
  2 vampire mosquitoes (Lair:4)
  A slave (D:8)
  A big kobold (D:8)
  A howler monkey (D:8)
  A worker ant (D:8)
  A hound skeleton (D:8)
  A bush (Lair:6)
  21 fungi
  12 plants
52 creatures vanquished.

Grand Total: 732 creatures vanquished

Notes
Turn   | Place    | Note
-------+----------+-------------------------------------------
     0 | Abyss:1  | Gargoyl the Centaur Abyssal Knight began the quest for the
                  | Orb.
     0 | Abyss:1  | Reached XP level 1. HP: 19/19 MP: 2/2
    48 | Abyss:2  | Noticed a hellwing
    52 | Abyss:2  | Noticed a ynoxinul
    55 | Abyss:3  | Identified a scroll of acquirement
    56 | Abyss:3  | Got a warped centaur barding
    62 | Abyss:3  | Identified the +0 centaur barding "Ozxing" {rN+ Int+6} (You
                  | acquired it on level 3 of the Abyss)
    76 | Abyss:3  | Noticed a wight
    95 | Abyss:3  | Noticed a wraith
    98 | D:1      | Escaped the Abyss
   600 | D:1      | Reached * piety under Lugonu
   600 | D:1      | Reached XP level 2. HP: 26/26 MP: 3/3
   699 | D:1      | Reached skill level 1 in Dodging
  1187 | D:2      | Reached XP level 3. HP: 18/31 MP: 4/4
  2031 | D:2      | Reached XP level 4. HP: 26/38 MP: 5/5
  2253 | D:2      | Found an iron altar of Okawaru.
  3376 | D:3      | Reached XP level 5. HP: 28/45 MP: 7/7
  3564 | D:3      | Found a glowing drain.
  3573 | Sewer    | Entered a sewer
  3580 | Sewer    | Reached ** piety under Lugonu
  3614 | Sewer    | Noticed Purgy
  3625 | Sewer    | Killed Purgy
  3761 | D:3      | Reached XP level 6. HP: 48/52 MP: 8/8
  4038 | D:3      | Noticed Natasha
  4047 | D:3      | Killed Natasha
  4569 | D:4      | Reached *** piety under Lugonu
  4570 | D:4      | Reached XP level 7. HP: 47/59 MP: 9/9
  4799 | D:4      | Found a staircase to the Ecumenical Temple.
  5144 | D:4      | Found a snail-covered altar of Cheibriados.
  5177 | D:4      | Found a radiant altar of Vehumet.
  5462 | D:5      | Entered Level 5 of the Dungeon
  5839 | D:5      | Noticed Menkaure
  5849 | D:5      | Killed Menkaure
  5849 | D:5      | Reached XP level 8. HP: 16/67 MP: 11/11
  6406 | D:5      | Gained mutation: You have a pair of small horns on your
                  | head. [potion of mutation]
  6406 | D:5      | Gained mutation: You have a pair of horns on your head.
                  | [potion of mutation]
  6406 | D:5      | Gained mutation: You are partially covered in icy blue
                  | scales. (AC +2) [potion of mutation]
  6406 | D:5      | Gained mutation: Your muscles are strong. (Str +2) [potion
                  | of mutation]
  6749 | D:6      | Found Katinan's Book Shoppe.
  6815 | D:7      | Reached **** piety under Lugonu
  7025 | D:7      | Reached skill level 5 in Axes
  7244 | D:6      | Reached skill level 5 in Armour
  7244 | D:6      | Reached skill level 5 in Invocations
  7336 | D:6      | Reached XP level 9. HP: 31/73 MP: 12/12
  7646 | D:6      | Found a bloodstained altar of Trog.
  8138 | D:7      | Reached skill level 5 in Fighting
  9285 | D:8      | Noticed Psyche
  9296 | D:8      | Noticed Pikel
  9317 | D:8      | Killed Psyche
  9339 | D:8      | Killed Pikel
  9339 | D:8      | Reached XP level 10. HP: 39/82 MP: 14/14
  9546 | D:8      | Noticed Gastronok
  9559 | D:8      | Killed Gastronok
 10103 | D:8      | Found Epuahigu's Antique Armour Shoppe.
 10106 | D:8      | Bought a twisted chain mail for 256 gold pieces
 10116 | D:8      | Identified the +3 chain mail of the Failed Coup {rElec
                  | Str+4} (You bought it in a shop on level 8 of the Dungeon)
 10731 | D:9      | Reached ***** piety under Lugonu
 10744 | D:9      | Paralysed by a hornet for 2 turns
 11297 | D:9      | Reached skill level 5 in Dodging
 11321 | D:9      | Noticed a two-headed ogre
 11322 | D:9      | Noticed Grum
 11341 | D:9      | Reached XP level 11. HP: 79/91 MP: 16/16
 11572 | D:9      | Killed Grum
 11583 | D:9      | Killed a two-headed ogre
 12328 | D:10     | Entered Level 10 of the Dungeon
 12343 | D:10     | Noticed Snorg
 12420 | D:10     | Killed Snorg
 12597 | D:10     | Found a glowing silver altar of Zin.
 12627 | D:10     | Found a flagged portal.
 12637 | Bailey   | Entered a bailey
 12643 | Bailey   | Noticed a deep elf mage
 12655 | Bailey   | Killed a deep elf mage
 12745 | Bailey   | Noticed a deep elf mage
 12746 | Bailey   | Noticed a deep elf mage
 12746 | Bailey   | Noticed a deep elf mage
 12746 | Bailey   | Noticed a deep elf mage
 12746 | Bailey   | Noticed a deep elf mage
 12754 | Bailey   | Killed a deep elf mage
 13248 | D:10     | Found a staircase to the Lair.
 13529 | D:10     | Noticed Nergalle
 13553 | D:10     | Killed Nergalle
 13694 | D:10     | Found a runed translucent door.
 13694 | D:10     | Found a shimmering altar of Xom.
 13694 | D:10     | Noticed Forgol's ghost (novice TrBe)
 13694 | D:10     | Noticed a +0 scimitar of chaos
 14047 | D:10     | Killed a +0 scimitar of chaos
 14059 | D:10     | Killed Forgol's ghost
 14423 | Lair:1   | Entered Level 1 of the Lair of Beasts
 14489 | Lair:1   | Noticed an eight-headed hydra
 14493 | Lair:1   | Banished an eight-headed hydra
 14983 | Lair:1   | Found a runed translucent gate.
 14983 | Lair:1   | Found a runed translucent gate.
 14983 | Lair:1   | Found a runed translucent gate.
 14984 | Lair:1   | Noticed Acheron's ghost (novice HaHu)
 15131 | Lair:1   | Noticed a six-headed hydra
 15134 | Lair:1   | Banished a six-headed hydra
 15279 | Lair:1   | Found a viscous altar of Jiyva.
 15344 | Lair:2   | Reached XP level 12. HP: 76/100 MP: 18/18
 18330 | Lair:3   | Got a coiled silver amulet
 18735 | D:8      | Bought a shimmering plate armour for 756 gold pieces
 18745 | D:8      | Identified the +3 plate armour of Thoughtfulness {rC++ MR-
                  | Str+5} (You bought it in a shop on level 8 of the Dungeon)
 18914 | Lair:3   | Reached skill level 10 in Axes
 19465 | Lair:3   | Identified the amulet "List" {Faith rElec MP+9 Int-2 Dex+4}
                  | (You found it on level 3 of the Lair of Beasts)
 20358 | Lair:3   | Reached skill level 10 in Armour
 21401 | Lair:4   | Noticed a death yak
 21401 | Lair:4   | Noticed a death yak
 21402 | Lair:4   | Noticed a death yak
 21403 | Lair:4   | Noticed a death yak
 21403 | Lair:4   | Noticed a death yak
 21451 | Lair:3   | Killed a death yak
 21451 | Lair:3   | Reached XP level 13. HP: 72/107 MP: 20/20
 21596 | Lair:3   | Reached skill level 10 in Invocations
 23340 | Lair:4   | Found a staircase to the Swamp.
 23565 | Lair:4   | Noticed Nessos
 24065 | Lair:3   | Killed Nessos
 24514 | Lair:4   | Found a hole to the Spider Nest.
 26029 | Lair:4   | Reached skill level 1 in Throwing
 26496 | Lair:5   | Found a viscous altar of Jiyva.
 26648 | Lair:5   | Found a staircase to the Slime Pits.
 27856 | Lair:6   | Entered Level 6 of the Lair of Beasts
 28073 | Lair:6   | Found a gate leading to a gauntlet.
 28084 | Gauntlet | Entered a Gauntlet
 28084 | Gauntlet | Found a transporter.
 28406 | Gauntlet | Found a transporter.
 28420 | Gauntlet | Found a transporter.
 28428 | Gauntlet | Found a transporter.
 28428 | Gauntlet | Found a transporter.
 28428 | Gauntlet | Found a transporter.
 28442 | Gauntlet | Noticed a dire elephant
 28631 | Gauntlet | Found a transporter.
 28681 | Gauntlet | Reached XP level 14. HP: 98/118 MP: 22/22
 28725 | Gauntlet | Found a transporter.
 31373 | Lair:6   | Reached skill level 1 in Shields
 31698 | Lair:6   | Identified the Reference Book on Augmentations
 33060 | Lair:6   | Got a scorched trident
 33061 | Lair:6   | Identified the cursed +1 trident "Hiuresu" {antimagic,
                  | rPois rF- rN+ MR+} (You found it on level 6 of the Lair of
                  | Beasts)
 33763 | D:11     | Noticed Harold
 33771 | D:11     | Killed Harold
 35075 | D:11     | Noticed Erica
 35088 | D:11     | Killed Erica
 35419 | D:11     | Noticed Maurice
 35431 | D:11     | Killed Maurice
 35695 | D:12     | Found a staircase to the Orcish Mines.
 36155 | D:12     | Reached XP level 15. HP: 117/126 MP: 24/24
 36307 | D:12     | Found a runed translucent door.
 36450 | D:12     | Noticed a sphinx
 36483 | D:12     | Killed a sphinx
 36965 | D:13     | Noticed Frances
 37150 | D:13     | Killed Frances
 37161 | D:13     | Noticed Urug
 37168 | D:13     | Killed Urug
 37180 | D:13     | Identified Sif Muna's Disquisition on Ice and the Entourage
 37522 | D:13     | Found a transporter.
 37548 | D:13     | Noticed Acheron's ghost (novice MiCK)
 37550 | D:13     | Identified the cursed +0 great mace of Big Damage {freeze,
                  | Str+4}
 37550 | D:13     | Noticed a frost giant
 37776 | D:13     | Noticed Jorgrun
 37811 | D:13     | Killed Jorgrun
 38436 | D:13     | Found a transporter.
 38550 | D:13     | Killed Acheron's ghost
 38550 | D:13     | Reached skill level 10 in Fighting
 38706 | D:13     | Banished a frost giant
 39291 | D:14     | Got a brightly glowing ring mail
 39302 | D:14     | Identified the +3 ring mail "Yreaquowk" {rF+ Str+3 SInv}
                  | (You found it on level 14 of the Dungeon)
 39639 | D:14     | Found a gate to the Vaults.
 39973 | D:14     | Identified the Disquisition on Arcane Weapons and
                  | Orientation
 40416 | D:15     | Entered Level 15 of the Dungeon
 41076 | D:15     | Noticed Azrael
 41078 | D:15     | Killed from afar by a fire dragon

Skill      XL: |  1  2  3  4  5  6  7  8  9 10 11 12 13 14 15 |
---------------+----------------------------------------------+-----
Dodging        | 1 2 3 4 5 6 7 8 |  8.7
Axes           | 2 3 4 5 7 8 9 10 11 12 | 12.5
Armour         | 2 3 4 5 6 7 9 10 11 12 | 12.7
Invocations    | 3 4 5 6 7 8 9 10 12 | 12.7
Fighting       | 4 5 6 7 8 9 10 | 10.2
Throwing       | 1 |  1.0
Shields        | 2 3 |  3.5
Evocations     | |  0.2

Action                   |  1- 3 |  4- 6 |  7- 9 | 10-12 | 13-15 || total
-------------------------+-------+-------+-------+-------+-------++-------
Melee: Hand axe          |    89 |   201 |   320 |   817 |  1481 ||  2908
       Kick              |     8 |    26 |    86 |   256 |   617 ||   993
       Spear             |       |     9 |       |       |       ||     9
       Headbutt          |       |       |    46 |   185 |   412 ||   643
Throw: Tomahawk          |       |       |     3 |     4 |     7 ||    14
Invok: Depart the Abyss  |     1 |       |       |       |       ||     1
       Bend Space        |       |       |     1 |     2 |     5 ||     8
       Banish            |       |       |       |     9 |    27 ||    36
Evoke: Wand              |       |       |       |     2 |     2 ||     4
  Use: Scroll            |     1 |    16 |     9 |     8 |    13 ||    47
       Potion            |       |     1 |     3 |     5 |    13 ||    22
 Stab: Invisible         |       |       |       |     1 |     2 ||     3
       Distracted        |       |       |       |       |     1 ||     1
       Petrifying        |       |       |       |       |     2 ||     2
       Petrified         |       |       |       |       |     2 ||     2
  Eat: Chunk             |     3 |     3 |    13 |    21 |    27 ||    67
       Ration            |       |     1 |       |     5 |    11 ||    17
Armor: Leather armour    |    13 |       |       |       |       ||    13
       Ring mail         |    32 |    17 |       |       |       ||    49
       Plate armour      |       |   246 |   299 |    60 |       ||   605
       Chain mail        |       |       |       |   595 |  1148 ||  1743
Dodge: Dodged            |    43 |    11 |    33 |   238 |   432 ||   757
Block: Shield            |       |       |       |       |   466 ||   466
